 Dungeon Crawl Stone Soup version 0.29-a0-1065-g47a6bb87d6 (webtiles) character file.

Game seed: 2191037032625069978

57112 drugrobin the Marksdemigod (level 14, -3/126 HPs)
             Began as a Demigod Delver on Aug 19, 2022.
             Slain by a naga warrior
             ... wielding a +0 glaive
              (7 damage)
             ... on level 1 of the Snake Pit.
             The game lasted 01:13:19 (19231 turns).

drugrobin the Marksdemigod (Demigod Delver)        Turns: 19231, Time: 01:13:20

Health: -3/126     AC: 12    Str: 24    XL:     14   Next: 10%
Magic:  24/24      EV: 12    Int: 25    God:
Gold:   1358       SH:  0    Dex: 15    Spells: 1/21 levels left

rFire   + . .      SeeInvis +   a - +4 shortbow "Yrowatae" {freeze, Int+2 Stlth+}
rCold   + . .      Faith    .   (shield currently unavailable)
rNeg    + . .      Spirit   .   Z - +0 troll leather armour
rPois   .          Reflect  .   P - +1 hat "Kefasish" {rF+ Int+3 Stlth+}
rElec   .          Harm     .   H - +0 cloak
rCorr   .          Rampage  .   v - +0 pair of gloves
Will    +....                   m - +0 pair of boots
Stlth   +++++.....              h - amulet "Laihyeff" {rC+ Regen+ Int+4 Dex-4 SInv}
HPRegen 1.91/turn               N - +4 ring of slaying
MPRegen 0.19/turn               t - ring "Yfefux" {rN+ AC+4 Str+3}

@: lethally poisoned (-3 -> -6)
A: high MP 1, forlorn, divine attributes
a: no special abilities


You were on level 1 of the Snake Pit.
You visited 3 branches of the dungeon, and saw 17 of its levels.
You also visited: Trove, Gauntlet and Volcano.

You collected 2832 gold pieces.
You spent 1474 gold pieces at shops.

Inventory:

Hand Weapons
 a - the +4 shortbow "Yrowatae" (weapon) {freeze, Int+2 Stlth+}
   (You bought it in a shop on level 3 of the Dungeon)

   Any ammunition fired from it freezes those it strikes, dealing additional
   cold damage.
   It can also slow down cold-blooded creatures.
   Int:       It affects your intelligence (+2).
   Stlth:     It makes you more stealthy.
 b - the +10 long sword of the Two Names {spect, Str+4 Int+2 Stlth+}
   (You found it on level 7 of the Dungeon)

   When its wielder attacks, the weapon's spirit leaps out and strikes again.
   The spirit shares a part of any damage it takes with its wielder.
   Str:       It affects your strength (+4).
   Int:       It affects your intelligence (+2).
   Stlth:     It makes you more stealthy.
 O - a +0 scimitar of flaming
 W - a +2 longbow of flaming
Armour
 m - a +0 pair of boots (worn)
 v - a +0 pair of gloves (worn)
 H - a +0 cloak (worn)
 P - the +1 hat "Kefasish" (worn) {rF+ Int+3 Stlth+}
   (You acquired it on level 11 of the Dungeon)

   Int:       It affects your intelligence (+3).
   rF:        It protects you from fire.
   Stlth:     It makes you more stealthy.
 Z - a +0 troll leather armour (worn)
Jewellery
 e - the ring "Anlaxoho" {rElec rC- MP+9 Str+6}
   (You found it in a treasure trove)

   [ring of strength]

   Str:       It affects your strength (+6).
   rC:        It makes you vulnerable to cold.
   rElec:     It insulates you from electricity.
   MP:        It affects your magic capacity (+9).
 h - the amulet "Laihyeff" (around neck) {rC+ Regen+ Int+4 Dex-4 SInv}
   (You acquired it on level 3 of the Lair of Beasts)

   [amulet of regeneration]

   Int:       It affects your intelligence (+4).
   Dex:       It affects your dexterity (-4).
   rC:        It protects you from cold.
   SInv:      It lets you see invisible.
   Regen:     It increases your rate of health regeneration.
 i - a ring of protection from cold
 k - a ring of ice
 q - a ring of poison resistance
 r - a ring of see invisible
 t - the ring "Yfefux" (right hand) {rN+ AC+4 Str+3}
   (You took it off a minotaur in a Gauntlet)

   [ring of protection]

   AC:        It affects your AC (+4).
   Str:       It affects your strength (+3).
   rN:        It protects you from negative energy.
 N - a +4 ring of slaying (left hand)
 S - a ring of fire
Wands
 u - a wand of acid (3)
 w - a wand of digging (2)
 I - a wand of polymorph (9)
 R - a wand of flame (43)
Scrolls
 x - 3 scrolls of torment {unknown}
 y - 3 scrolls of vulnerability {unknown}
 z - 4 scrolls of butterflies
 C - a scroll of fog
 D - 4 scrolls of amnesia {unknown}
 G - 12 scrolls of teleportation
 K - 4 scrolls of enchant weapon {unknown}
 Q - 2 scrolls of poison
 T - a scroll of magic mapping
 X - a scroll of summoning
 Y - a scroll of immolation
Potions
 f - 3 potions of haste
 j - 9 potions of curing
 l - 3 potions of magic {unknown}
 o - 2 potions of invisibility {unknown}
 p - 9 potions of resistance
 s - a potion of mutation {unknown}
 F - 5 potions of cancellation {unknown}
 J - 2 potions of heal wounds
 L - 6 potions of might
 M - 3 potions of brilliance {unknown}
 U - 3 potions of ambrosia {unknown}
 V - a potion of berserk rage
Miscellaneous
 c - a tin of tremorstones (2/2)
 g - a phial of floods
 E - a condenser vane (inert)


   Skills:
 + Level 12.2 Fighting
 + Level 2.5 Long Blades
 - Level 2.8 Axes
 - Level 16.0 Ranged Weapons
 - Level 1.8 Dodging
 - Level 4.5 Stealth
 - Level 4.0 Spellcasting
 + Level 11.5 Necromancy


You had one spell level left.
You knew the following spells:

 Your Spells              Type           Power      Damage    Failure   Level
a - Call Imp              Summ           5%         N/A       16%         2
b - Mephitic Cloud        Conj/Pois/Air  5%         N/A       30%         3
c - Animate Dead          Necr           58%        N/A       1%          4
d - Corpse Rot            Necr/Pois/Air  24%        N/A       22%         4
e - Haunt                 Necr/Summ      16%        N/A       100%        7

Your spell library contained the following spells:

 Spells                   Type           Power      Damage    Failure   Level
 Apportation              Tloc           10%        N/A       11%         1
 Magic Dart               Conj           20%        1d4       11%         1
 Sandblast                Erth           10%        2d5       11%         1
 Passwall                 Tmut/Erth      4%         N/A       16%         2
 Poisonous Vapours        Pois/Air       10%        N/A       16%         2
 Static Discharge         Conj/Air       5%         3-4/arc   16%         2
 Gell's Gravitas          Tloc           5%         N/A       30%         3
 Lesser Beckoning         Tloc           5%         N/A       30%         3
 Stone Arrow              Conj/Erth      10%        3d7       30%         3
 Teleport Other           Tloc           5%         N/A       30%         3
 Leda's Liquefaction      Hex/Erth       2%         N/A       71%         4
 Alistair's Intoxication  Tmut/Pois      3%         N/A       96%         5
 Lee's Rapid Deconstruct  Erth           2%         3d6*      96%         5
 Lightning Bolt           Conj/Air       2%         1d14      96%         5
 Borgnjor's Revivificati  Necr           29%        N/A       99%         8
 Infestation              Necr           29%        N/A       99%         8
 Statue Form              Tmut/Erth      3%         N/A       100%        6
 Maxwell's Capacitive Co  Air            2%         ∞         100%        8
 Necromutation            Tmut/Necr      16%        N/A       100%        8
 Death's Door             Necr           29%        N/A       100%        9


Dungeon Overview and Level Annotations

Branches:
Dungeon (11/15)            Temple (0/1) D:5            Lair (5/5) D:9
 Shoals (0/4) Lair:3        Snake (1/4) Lair:3        Slime (0/5) Lair:5
Volcano (visited)         Gauntlet (visited)
    Orc: D:9-12

Shops:
D:1 (   D:3 *[=   D:5 *

Annotations:
D:7 3 runed translucent doors, nickcage's ghost, novice MiAK
D:9 exclusion: tengu warrior


Innate Abilities, Weirdness & Mutations

You have an increased reservoir of magic. (+10% MP)
You shall have no god before yourself.
Your divine heritage dramatically boosts your attributes as you level up.


Message History

Unknown command.
Unknown command.
Okay, then.
Unknown command.
Unknown command.
Unknown command.
Unknown command.
Unknown command.
Unknown command.
Okay, then.
Unknown command.
As you read the scroll of fear, it crumbles to dust.
You assume a fearsome visage.
The salamander looks frightened!
The naga sharpshooter easily resists.
The naga looks frightened!
The guardian serpent looks frightened!
The naga warrior resists with almost no effort.
The salamander looks frightened!
You feel very sick. The naga warrior spits poison at you.
The splash of poison hits you but does no damage.
You are more poisoned.
The naga sharpshooter shoots a bolt.
The bolt barely misses you. The naga sharpshooter constricts you.
* * * LOW HITPOINT WARNING * * *
The salamander is engulfed in noxious fumes. x2
The salamander appears confused.
Unknown command.
Unknown command.
Unknown command.
Unknown command.
Unknown command.
Unknown command.
Unknown command.
Unknown command.
Unknown command.
You escape the naga sharpshooter's grasp.
* * * LOW HITPOINT WARNING * * *
You feel very sick.
The naga warrior hits you with a +0 glaive!
You die...

## ####N#
#§§@§#
##NNN§.§§§.
#§.§#.§§N.
§...# §§§.
§#§S.. ##.
.###.... ..
##... ..
#...


You could see a naga warrior (catching breath), a naga sharpshooter, 2
salamanders, a guardian serpent (fleeing) and a naga (fleeing).

Vanquished Creatures
  A red draconian (Volcano)
  A minotaur (Gauntlet)
  2 fire dragons
  Josephine (D:10)
  5 hydras
  3 boulder beetles
  An ogre mage (Volcano)
  Erica (D:8)
  A naga warrior (Lair:3)
  6 two-headed ogres
  3 death yaks (Lair:5)
  Amaemon (D:9)
  A fire crab (Lair:5)
  An obsidian statue (Gauntlet)
  A deep elf pyromancer (D:10)
  An orc knight (D:10)
  A cyclops (D:10)
  2 manticores
  16 elephants
  Joseph (D:7)
  3 black mambas
  2 molten gargoyles (Lair:5)
  13 cane toads
  An orange demon (D:9)
  3 rime drakes
  13 komodo dragons
  A kobold demonologist (D:10)
  4 trolls (D:10)
  A wind drake (Lair:3)
  3 hornets
  11 blink frogs
  A dream sheep (Lair:4)
  Sigmund (D:5)
  7 wraiths
  5 shadows
  34 yaks
  6 wyverns
  3 basilisks
  5 nagas (Lair:3)
  A vampire mosquito (D:10)
  15 water moccasins
  2 hell hounds (Lair:5)
  An ice beast (D:7)
  A sky beast (D:7)
  2 ogres (D:6)
  3 black bears
  5 wolves (Lair:1)
  A boggart (D:10)
  4 centaurs
  A phantom (D:7)
  A kobold brigand (D:7)
  9 bullfrogs
  3 scorpions (D:6)
  A gnoll sergeant (D:9)
  9 wights
  6 killer bees (D:8)
  4 electric eels
  5 jellies
  3 lava snakes (Lair:5)
  5 hounds
  2 gnoll boudas
  7 orc priests
  Jessica (D:2)
  3 iguanas
  7 orc wizards
  7 adders
  11 gnolls
  3 shadow imps (D:6)
  An ufetubus (D:5)
  2 worms (D:4)
  5 dart slugs
  33 orcs
  9 endoplasms
  2 giant cockroaches
  14 goblins
  7 hobgoblins
  4 jackals
  2 quokkas
  6 ball pythons
  4 bats
  2 frilled lizards
  10 kobolds
  6 rats
397 creatures vanquished.

Vanquished Creatures (collateral kills)
  A hydra (Lair:5)
  3 elephants (Lair:5)
  A molten gargoyle (Lair:5)
  A komodo dragon (Lair:1)
  2 blink frogs (Lair:4)
  3 dream sheep (Lair:4)
  A yak (Lair:3)
  A basilisk (Lair:1)
  A bullfrog (Lair:1)
  A lava snake (Lair:5)
15 creatures vanquished.

Vanquished Creatures (others)
  A two-headed ogre (Volcano)
  A wizard (D:5)
  A hydra zombie (Lair:5)
  A black mamba zombie (Lair:5)
  A hell hound (Lair:5)
  3 cane toad zombies
  9 elephant zombies (Lair:5)
  A dream sheep zombie (Lair:4)
  3 komodo dragon zombies
  A fire crab zombie (Lair:5)
  A wyvern zombie (D:10)
  3 water moccasin zombies
  A troll zombie (D:10)
  4 naga zombies (Lair:3)
  A demonic plant (Gauntlet)
  17 fungi
  31 plants
80 creatures vanquished.

Grand Total: 492 creatures vanquished

Notes
Turn   | Place    | Note
-------+----------+-------------------------------------------
     0 | D:5      | drugrobin the Demigod Delver began the quest for the Orb.
     0 | D:5      | Reached XP level 1. HP: 18/18 MP: 3/3
    21 | D:5      | Found a staircase to the Ecumenical Temple.
   705 | D:3      | Found Feigel's Jewellery Emporium.
   715 | D:3      | Found Rophaod's Assorted Antiques.
   978 | D:3      | Reached XP level 2. HP: 13/26 MP: 4/4
  1307 | D:3      | Found Pinlurr Woff's Antique Armour Boutique.
  1418 | D:3      | Reached XP level 3. HP: 31/31 MP: 5/5
  1869 | D:1      | Found Dafihud's Weapon Emporium.
  3123 | D:3      | Reached XP level 4. HP: 35/40 MP: 6/6
  3141 | D:3      | Bought a masterwork shortbow for 144 gold pieces
  3141 | D:3      | Identified the +4 shortbow "Yrowatae" {freeze, Int+2
                  | Stlth+} (You bought it in a shop on level 3 of the Dungeon)
  3361 | D:2      | Noticed Jessica
  3362 | D:2      | Killed Jessica
  3363 | D:2      | Reached skill level 1 in Ranged Weapons
  3935 | D:4      | Reached skill level 2 in Ranged Weapons
  3946 | D:4      | Reached XP level 5. HP: 31/46 MP: 7/7
  4109 | D:4      | Reached skill level 3 in Ranged Weapons
  4122 | D:4      | Reached skill level 4 in Ranged Weapons
  4127 | D:4      | Reached XP level 6. HP: 52/52 MP: 8/8
  4431 | D:4      | Reached skill level 5 in Ranged Weapons
  5069 | D:5      | Noticed Sigmund
  5073 | D:5      | Killed Sigmund
  5074 | D:5      | Reached skill level 6 in Ranged Weapons
  5074 | D:5      | Reached XP level 7. HP: 59/59 MP: 9/9
  5156 | D:5      | Noticed a wizard
  5162 | D:5      | Killed a wizard
  5322 | D:5      | Found Zitod's Lightly-Used Armoury.
  5686 | D:6      | Reached skill level 7 in Ranged Weapons
  5812 | D:6      | Reached skill level 8 in Ranged Weapons
  5812 | D:6      | Reached XP level 8. HP: 66/66 MP: 10/10
  5966 | D:6      | Reached skill level 9 in Ranged Weapons
  6247 | D:7      | Noticed Joseph
  6257 | D:7      | Killed Joseph
  6511 | D:7      | Reached skill level 10 in Ranged Weapons
  6522 | D:7      | Noticed Pikel
  6538 | D:7      | Noticed Pikel
  6538 | D:7      | Pikel changed into Pikel the rime drake
  6740 | D:7      | Killed Pikel the rime drake
  6852 | D:7      | Reached XP level 9. HP: 71/71 MP: 11/11
  6900 | D:7      | Learned a level 2 spell: Call Imp
  6904 | D:7      | Learned a level 3 spell: Mephitic Cloud
  6909 | D:7      | Identified the +10 long sword of the Two Names {spect,
                  | Str+4 Int+2 Stlth+}
  6928 | D:7      | Found a runed translucent gate.
  6928 | D:7      | Found a runed translucent gate.
  6928 | D:7      | Found a runed translucent gate.
  6934 | D:7      | Noticed nickcage's ghost (novice MiAK)
  7088 | D:7      | Reached skill level 11 in Ranged Weapons
  7556 | D:8      | Reached skill level 1 in Spellcasting
  7625 | D:8      | Noticed a +0 spear
  7625 | D:8      | Noticed a +0 short sword
  7627 | D:8      | Noticed a +0 dagger
  7627 | D:8      | Noticed a +0 short sword
  7629 | D:8      | Noticed a +0 falchion
  7631 | D:8      | Noticed a +0 dagger
  7631 | D:8      | Noticed a +0 spear
  7633 | D:8      | Noticed a +0 falchion
  8191 | D:8      | Paralysed by a hornet for 2 turns
  8352 | D:8      | Noticed a two-headed ogre
  8358 | D:8      | Killed a two-headed ogre
  8359 | D:8      | Reached skill level 12 in Ranged Weapons
  8374 | D:8      | Reached XP level 10. HP: 52/78 MP: 19/19
  8581 | D:8      | Noticed Erica
  8589 | D:8      | Killed Erica
  8858 | D:9      | Learned a level 4 spell: Animate Dead
  8864 | D:9      | Found a staircase to the Lair.
  8896 | D:9      | Noticed a tengu warrior
  9055 | D:9      | Reached skill level 1 in Necromancy
  9059 | D:9      | Reached skill level 13 in Ranged Weapons
  9170 | D:9      | Noticed Amaemon
  9228 | D:10     | Entered Level 10 of the Dungeon
  9477 | D:9      | Paralysed by a hornet for 2 turns
  9652 | D:9      | Reached skill level 5 in Fighting
  9731 | D:9      | Killed Amaemon
 10797 | D:10     | Reached XP level 11. HP: 88/89 MP: 20/20
 10936 | D:10     | Noticed Josephine
 10945 | D:10     | Killed Josephine
 11286 | D:10     | Reached skill level 5 in Necromancy
 11316 | D:10     | Learned a level 4 spell: Corpse Rot
 11493 | D:10     | Noticed a fire dragon
 12085 | Lair:1   | Entered Level 1 of the Lair of Beasts
 12117 | Lair:1   | Reached skill level 14 in Ranged Weapons
 13294 | Lair:2   | Reached XP level 12. HP: 102/102 MP: 21/21
 13959 | Lair:3   | Found a staircase to the Snake Pit.
 14142 | Lair:3   | Identified a scroll of acquirement
 14232 | Lair:3   | Found a staircase to the Shoals.
 14697 | Lair:3   | Acquired the amulet "Laihyeff" {rC+ Regen+ Int+4 Dex-4
                  | SInv}
 14734 | Lair:4   | Found a dark tunnel.
 14739 | Volcano  | Entered a volcano
 14758 | Volcano  | Noticed an ogre mage
 14766 | Volcano  | Killed an ogre mage
 14767 | Volcano  | Reached skill level 15 in Ranged Weapons
 14771 | Volcano  | Noticed a two-headed ogre
 14793 | Volcano  | Killed a two-headed ogre
 14808 | Volcano  | Noticed a two-headed ogre
 14817 | Volcano  | Noticed a two-headed ogre
 14818 | Volcano  | Killed a two-headed ogre
 14825 | Volcano  | Noticed a two-headed ogre
 14826 | Volcano  | Killed a two-headed ogre
 14827 | Volcano  | Noticed a two-headed ogre
 14834 | Volcano  | Killed a two-headed ogre
 14836 | Volcano  | Noticed a red draconian
 14837 | Volcano  | Noticed a two-headed ogre
 14858 | Volcano  | Killed a two-headed ogre
 14871 | Volcano  | Killed a red draconian
 14901 | Volcano  | Killed a two-headed ogre
 14927 | Volcano  | Identified the +0 helmet "Buyzioj Xeum" {Str+4}
 15014 | Lair:4   | Found a gate leading to a gauntlet.
 15028 | Gauntlet | Entered a Gauntlet
 15028 | Gauntlet | Found a transporter.
 15031 | Gauntlet | Found a transporter.
 15032 | Gauntlet | Found a transporter.
 15033 | Gauntlet | Found a transporter.
 15036 | Gauntlet | Found a transporter.
 15077 | Gauntlet | Found a transporter.
 15098 | Gauntlet | Found a transporter.
 15111 | Gauntlet | Found a transporter.
 15113 | Gauntlet | Found a transporter.
 15121 | Gauntlet | Found a transporter.
 15121 | Gauntlet | Found a transporter.
 15123 | Gauntlet | Noticed a blizzard demon
 15125 | Gauntlet | Found a transporter.
 15290 | Gauntlet | Identified the +0 helmet of Sin {*Slow rN++}
 15365 | Gauntlet | Identified the ring "Yfefux" {rN+ AC+4 Str+3}
 15365 | Gauntlet | Noticed a minotaur
 15373 | Gauntlet | Killed a minotaur
 15416 | Gauntlet | Identified the +1 robe of Classification {rPois Int+2}
 15578 | Lair:4   | Reached skill level 10 in Fighting
 15720 | Lair:4   | Reached XP level 13. HP: 113/113 MP: 22/22
 16325 | Lair:5   | Entered Level 5 of the Lair of Beasts
 16484 | Lair:5   | Found a staircase to the Slime Pits.
 16531 | Lair:5   | Reached skill level 16 in Ranged Weapons
 16531 | Lair:5   | Reached skill level 10 in Necromancy
 16565 | Lair:5   | Learned a level 7 spell: Haunt
 17077 | Lair:5   | Found a large runed translucent door.
 17359 | Lair:5   | Found a large runed translucent door.
 18059 | D:10     | Reached skill level 1 in Long Blades
 18074 | D:10     | Reached XP level 14. HP: 88/126 MP: 16/24
 18153 | D:10     | Identified the +2 robe of Loacasyw {rF+ Int+2 Archmagi}
 18635 | D:11     | Found a portal to a secret trove of treasure.
 18765 | D:5      | Bought -1 pearl dragon scales for 1330 gold pieces
 18915 | D:11     | You paid a toll of -1 pearl dragon scales to enter a
                  | treasure trove
 18916 | Trove    | Entered a treasure trove
 18934 | Trove    | Identified the ring "Anlaxoho" {rElec rC- MP+9 Str+6}
 18938 | Trove    | Identified the +1 hat of Maont {Str+5}
 18947 | Trove    | Identified the amulet "Ydenox" {Spirit Rampage Str+5}
 18970 | D:11     | Acquired the +1 hat "Kefasish" {rF+ Int+3 Stlth+}
 19161 | Snake:1  | Entered Level 1 of the Snake Pit
 19231 | Snake:1  | HP: 4/126 [poisoned by a naga warrior (splash of poison)]
 19231 | Snake:1  | Slain by a naga warrior

Illustrated notes

Levels and vault maps discovered:
D:1:      dpeg_cavernosity, layout_loops_ring, serial_shops, shop_fountains,
          chequers_ecumenical_altar_island, minmay_tall_x
D:2:      layout_basic, uniq_jessica
D:3:      layout_basic, serial_shops, shop, nicolae_shop_statue_plus,
          nicolae_shop_crystal
D:4:      layout_loops_ring, minmay_increasing_density
D:5:      layout_cave_pools, trog_wizard, minmay_overflow_temple_star_quad,
          minmay_temple_entry_gardened_gates, minmay_shop_damaged,
          minmay_misc_feat_nine_boxes, uniq_sigmund
D:6:      layout_rooms, chequers_temple_overflow_minitemple, dk_noncrumbling_2
D:7:      layout_cave_pools, biasface_ghost_orc_armoury, serial_park,
          serial_park_avenue1, serial_park_gazebo [serial_park_minivault_5x5_1],
          serial_park_square1 [serial_park_minivault_5x5_2], serial_park_square3
          [serial_park_minivault_5x5_4], serial_park_tiny_2, uniq_pikel,
          uniq_joseph
D:8:      layout_gridville, mainiacjoe_overflow_paths,
          nicolae_uskayaw_en_pointe, hex_medium, uniq_erica
D:9:      layout_loops_ring, lair_entry_dummy, uniq_amaemon
D:10:     minmay_the_grid_3x2 [minmay_the_grid_fan,
          minmay_the_grid_minigrid_small, minmay_the_grid_x,
          minmay_the_grid_dragon_b, minmay_the_grid_minigrid_small_alt,
          minmay_the_grid_prize_trominoes], layout_basic, nicolae_titane,
          uniq_josephine
D:11:     layout_rooms, enter_trove_6
Lair:1:   layout_regular_city, serial_bayou_crossing, grunt_megastairs_1
Lair:2:   layout_roguey, grunt_forest_small_clearings, serial_bayou_shore_a,
          grunt_megastairs_3
Lair:3:   layout_regular_city, minmay_shoals_entry_beasts,
          minmay_snake_entry_guardpost_medium
Lair:4:   layout_regular_city, enter_volcano_4, gauntlet_entry_generic,
          beast_lair_carwin_5, infiniplex_staircase_pool
Lair:5:   cheibrodos_lair_end_hotspot, layout_regular_city, slime_entry_1
Snake:1:  layout_honeycomb, st_stairs_8

Skill      XL: |  1  2  3  4  5  6  7  8  9 10 11 12 13 14 |
---------------+-------------------------------------------+-----
Axes           | 2 |  2.8
Fighting       | 3 4 5 8 10 12 | 12.2
Ranged Weapons | 2 4 6 8 10 12 13 14 15 16 | 16.0
Spellcasting   | 4 |  4.0
Necromancy     | 4 6 9 11 | 11.5
Long Blades    | 1 2 |  2.5
Dodging        | |  1.8
Stealth        | |  4.5

Action                   |  1- 3 |  4- 6 |  7- 9 | 10-12 | 13-15 || total
-------------------------+-------+-------+-------+-------+-------++-------
Melee: Dagger            |    36 |       |       |       |       ||    36
       Hand axe          |    98 |     6 |    14 |       |       ||   118
       Punch             |     2 |       |     1 |     4 |     2 ||     9
       Long sword        |       |       |       |   102 |   129 ||   231
 Fire: Sling             |    23 |       |       |       |       ||    23
       Shortbow          |       |    98 |   228 |   466 |   227 ||  1019
Throw: Boomerang         |     3 |       |       |       |       ||     3
       Dart              |       |       |       |     6 |     1 ||     7
       Throwing net      |       |       |       |       |     1 ||     1
 Cast: Animate Dead      |       |       |       |     9 |     4 ||    13
       Mephitic Cloud    |       |       |       |     6 |     4 ||    10
       Call Imp          |       |       |       |     2 |     2 ||     4
Evoke: Wand              |       |       |     3 |     9 |       ||    12
       Condenser vane    |       |       |       |       |     1 ||     1
  Use: Scroll            |       |       |     1 |    21 |     6 ||    28
       Potion            |       |       |       |     1 |     1 ||     2
 Stab: Sleeping          |    11 |       |       |     4 |       ||    15
       Distracted        |       |       |       |     2 |     5 ||     7
       Confused          |       |       |       |     1 |     2 ||     3
Armor: Leather armour    |    32 |    23 |    22 |       |       ||    77
       Robe              |       |       |     5 |    29 |       ||    34
       Troll leather arm |       |       |       |    33 |    80 ||   113
Dodge: Dodged            |    82 |    31 |    46 |    89 |    91 ||   339

Table legend: (Time is in decaauts)
 A = Elapsed time spent in this place.
 B = Non-inter-level travel time spent in this place.
 C = Inter-level travel time spent in this place.
 D = Time resting spent in this place.
 E = Time spent auto-exploring this place.
 F = Levels seen in this place.
 G = Mean time per level.
                   A        B        C        D        E       F      G
               +--------+--------+--------+--------+--------+-----+--------+
         Total |  19231 |  17690 |   1541 |   3050 |   9777 |  20 |  961.5 |
       Dungeon |  13432 |  12285 |   1147 |   2954 |   6514 |  11 | 1221.1 |
          Lair |   5110 |   4717 |    393 |     48 |   3160 |   5 | 1022.0 |
     Snake Pit |     19 |     19 |      0 |      0 |      0 |   1 |   19.0 |
         Trove |     44 |     44 |      0 |      0 |      0 |   1 |   44.0 |
       Volcano |    228 |    228 |      0 |      0 |      0 |   1 |  228.0 |
      Gauntlet |    395 |    395 |      0 |     48 |    102 |   1 |  395.0 |
               +--------+--------+--------+--------+--------+-----+--------+

Top non-repeatable levels by time:
    D:10: 1969 daAuts
     D:9: 1762 daAuts
     D:4: 1636 daAuts
  Lair:5: 1428 daAuts
     D:1: 1428 daAuts
     D:3: 1370 daAuts
     D:7: 1287 daAuts
     D:8: 1277 daAuts
  Lair:3: 967 daAuts
  Lair:1: 918 daAuts
  Lair:4: 917 daAuts
     D:6: 882 daAuts
  Lair:2: 878 daAuts
     D:5: 740 daAuts
     D:2: 544 daAuts
